Description

Railgan ZvT opener: https://www.youtube.com/watch?v=jBX-VhVffwo

VOD

https://www.youtube.com/watch?v=jBX-VhVffwo

Replay - 2021-01-24 - (Z)Railgan VS (T)goblin

Build Order

Get SALT Encoding   

  12  0:01  Drone  
  13  0:12  Overlord  
  13  0:17  Drone  
  14  0:30  Drone x2  
  16  0:42  Spawning Pool  
  15  0:45  Drone x2  
  17  0:59  Drone  
  18  1:15  Hatchery  
  18  1:16  Drone  
  18  1:24  Extractor  
  17  1:27  Drone x2  
  19  1:39  Queen  
  19  1:41  Zergling x2  
  22  1:48  Overlord  
  24  2:18  Queen  
  26  2:27  Queen  
  31  2:42  Overlord  
  36  2:58  Lair  
  36  3:03  Queen  
  41  3:14  Roach Warren  
  42  3:20  Evolution Chamber  
  44  3:34  Overlord  
  44  3:37  Extractor x2  
  43  3:46  Overlord  
  45  3:57  Glial Reconstitution  
  45  3:59  Overseer  
  51  4:14  Extractor  
  54  4:23  Roach  
  56  4:26  Zerg Ground Armor Level 1  
  56  4:30  Evolution Chamber  
  55  4:36  Hatchery  
  55  4:39  Roach  
  58  4:46  Roach x2  
  62  4:58  Roach x5  
  72  5:04  Zerg Missile Weapons Level 1  
  73  5:10  Roach  
  75  5:19  Spore Crawler  
  82  5:41  Ravager x3  
  101  6:27  Ravager x3  
Spawning Tool Build Advisor. Get it on Overwolf

Go to:

Details

  • Created by: JekaDeka
  • Published on: Jun 01, 2021
  • Modified on: Jun 01, 2021
  • Patch: 4.11.0
  • Difficulty: Medium
Show
View Real Time Build Order
Export as new Build Order

Comments (0)

There are no comments. Be the first!

Create an account to comment!